 Dungeon Crawl Stone Soup version 0.30-a0-341-g682706514a (webtiles) character file.

Game seed: 11234130153235333432

177 ytrimaz the Trooper (level 5, -2/87 HPs)
             Began as an Ogre Berserker on Nov 4, 2022.
             Was a Believer of Trog.
             Slain by Eustachio
             ... wielding a +0 falchion
              (3 damage)
             ... on level 4 of the Dungeon.
             The game lasted 00:03:21 (3002 turns).

ytrimaz the Trooper (Ogre Berserker)                Turns: 3002, Time: 00:03:21

Health: -2/87      AC:  3    Str: 23      XL:     5   Next: 57%
Magic:  5/5        EV:  9    Int:  8      God:    Trog [**....]
Gold:   193        SH:  0    Dex:  4 (8)  Spells: 4/4 levels left

rFire   . . .      SeeInvis .    a - +0 mace (vorpal)
rCold   . . .      Faith    .    (no shield)
rNeg    . . .      Spirit   .    b - +0 animal skin
rPois   .          Reflect  .    (helmet restricted)
rElec   .          Harm     .    (no cloak)
rCorr   .          Rampage  .    (gloves unavailable)
Will    .....                    (boots unavailable)
Stlth   ..........               (no amulet)
HPRegen 0.34/turn                p - ring of flight
MPRegen 0.09/turn                (no ring)

@: berserking, flying, very quick
A: large, unfitting armour, tough skin 1
a: Renounce Religion, Berserk, Trog's Hand


You were on level 4 of the Dungeon.
You worshipped Trog.
Trog was pleased with you.
You visited 1 branch of the dungeon, and saw 4 of its levels.

You collected 193 gold pieces.


Innate Abilities, Weirdness & Mutations

You are too large for most types of armour.
You have tough skin. (AC +1)


   Skills:
 + Level 5.6 Fighting
 * Level 4.8 Maces & Flails
 - Level 2.6 Dodging


You had 4 spell levels left.
You didn't know any spells.
Your spell library was empty.

Inventory:

Hand Weapons
 a - a +0 vorpal mace (weapon)
Missiles
 i - 6 boomerangs (quivered)
 k - 3 javelins
Armour
 b - a +0 animal skin (worn)
Jewellery
 p - a ring of flight (left hand)
   (You found it on level 3 of the Dungeon)
Wands
 m - a wand of polymorph (11)
   (You found it on level 3 of the Dungeon)
Scrolls
 e - a scroll of teleportation
 g - a scroll of blinking
 j - 2 scrolls of magic mapping
 n - 2 scrolls of identify
 o - 2 scrolls of brand weapon
 s - a scroll of fear
Potions
 c - 3 potions of curing {unknown}
 d - a potion of might {unknown}
 f - a potion of haste {unknown}
 h - a potion of attraction
 l - a potion of resistance {unknown}
 q - 2 potions of flight {unknown}
 r - a potion of berserk rage {unknown}

Dungeon Overview and Level Annotations

Branches:
Dungeon (4/15) Zot: 20934
 Temple: D:4-7

Altars:
Ashenzari
Elyvilon
Okawaru
Trog

Annotations:
D:4 Eustachio

##.## ##.# ###
#.# ###..###.##
##......##.#
##..........##...
#......r........#
......@r5...#..##
......r@...###..#
......r.5..# #...
#.....b...=# ...
##........## ..
#........#
..#.......# .
##.....## ###..##


You could see Eustachio, an iron imp (summoned), a quasit (summoned), a river
rat (summoned), a quokka, a bat (summoned) and 2 rats.


Message History

You regained 17 hp, and now have 50/87 hp.
Unknown command.
You barely miss Eustachio.
Unknown command.
You closely miss Eustachio. The quokka bites you.
Eustachio hits you with a +0 falchion!
* * * LOW HITPOINT WARNING * * *
The river rat completely misses you. 😨 HP[-14]
You take 14 damage, and now have 36/87 hp.
You closely miss Eustachio. The quokka bites you.
* * * LOW HITPOINT WARNING * * *
Eustachio hits you with a +0 falchion.
* * * LOW HITPOINT WARNING * * *
The river rat bites you but does no damage. 😨 HP[-7]
You take 7 damage, and now have 29/87 hp.
Unknown command.
You hit Eustachio. The quokka bites you.
* * * LOW HITPOINT WARNING * * *
Eustachio gestures wildly while chanting.
Unknown command.
You hit the river rat.
You kill the river rat!
The river rat's corpse disappears in a puff of smoke!
The bat hits you but does no damage. The quokka barely misses you.
The quasit closely misses you.
The quasit claws you but does no damage.
The quasit closely misses you.
Unknown command.
You barely miss Eustachio. Eustachio barely misses you.
The quokka bites you but does no damage.
The quasit bites you.
* * * LOW HITPOINT WARNING * * *
You feel clumsy.
The quasit claws you but does no damage.
The quasit misses you. 😨 HP[-2]
You take 2 damage, and now have 27/87 hp.
Unknown command.
You hit Eustachio. The bat closely misses you. The quokka bites you.
* * * LOW HITPOINT WARNING * * *
Eustachio gestures wildly while chanting.
The quasit bites you.
* * * LOW HITPOINT WARNING * * *
You feel clumsy.
The quasit claws you but does no damage. x2 😨 HP[-3]
You take 3 damage, and now have 24/87 hp.
Unknown command.
You sock Eustachio! The bat hits you but does no damage.
The quokka bites you but does no damage.
The quasit closely misses you. The quasit claws you.
* * * LOW HITPOINT WARNING * * *
The quasit closely misses you. Eustachio hits you with a +0 falchion.
* * * LOW HITPOINT WARNING * * *
😨 HP[-2]
You take 2 damage, and now have 22/87 hp.
Unknown command.
You sock Eustachio! The river rat closely misses you. The quokka bites you.
* * * LOW HITPOINT WARNING * * *
The quasit bites you but does no damage.
The quasit barely misses you.
The quasit claws you but does no damage.
The bat barely misses you.
The iron imp hits you but does no damage. 😱 HP[-2]
You take 2 damage, and now have 20/87 hp.
Unknown command.
You hit Eustachio. The bat hits you but does no damage.
Eustachio hits you with a +0 falchion.
* * * LOW HITPOINT WARNING * * *
The river rat bites you.
* * * LOW HITPOINT WARNING * * *
The quasit barely misses you. x2; The quasit claws you.
* * * LOW HITPOINT WARNING * * *
The quokka bites you.
* * * LOW HITPOINT WARNING * * *
😱 HP[-9]
You take 9 damage, and now have 11/87 hp.
Unknown command.
You barely miss Eustachio. Eustachio hits you with a +0 falchion.
* * * LOW HITPOINT WARNING * * *
The quasit bites you.
* * * LOW HITPOINT WARNING * * *
You feel clumsy.
The quasit closely misses you. x2; The iron imp closely misses you.
The quokka bites you.
* * * LOW HITPOINT WARNING * * *
The rat barely misses you.
The river rat closely misses you. 😱 HP[-9]
You take 9 damage, and now have 2/87 hp.
Unknown command.
You closely miss Eustachio. The bat hits you but does no damage.
The quasit bites you.
* * * LOW HITPOINT WARNING * * *
You feel clumsy.
The quasit claws you but does no damage. x2
Eustachio hits you with a +0 falchion.
You die...

Skill      XL: |  1  2  3  4 |
---------------+-------------+-----
Maces & Flails | 3 4 |  4.8
Fighting       | 5 |  5.6
Dodging        | |  2.6

Action                   |  1- 3 |  4- 6 || total
-------------------------+-------+-------++-------
Melee: Mace              |    98 |   113 ||   211
Invok: Berserk           |     2 |     2 ||     4
  Use: Scroll            |     5 |     3 ||     8
Armor: Animal skin       |    34 |    40 ||    74
Dodge: Dodged            |    56 |    93 ||   149

Levels and vault maps discovered:
D:1:      eino_arrival_water_cross, layout_basic, chequers_arboretum
D:2:      minmay_chambers_of_twos, layout_rooms, kennysheep_generic_room_13
D:3:      layout_rooms, mainiacjoe_overflow_tiny_flanked,
          mainiacjoe_overflow_concentric_impassable, nicolae_ashenzari_skybound,
          roderic_roman_lattice, grunt_ministairs_2, dk_noncrumbling_4,
          kennysheep_decorative_pillar
D:4:      layout_cave_pods, yredelemnul_altar_generic, lemuel_round_altar,
          uniq_eustachio, uniq_sigmund

Notes
Turn   | Place    | Note
-------+----------+-------------------------------------------
     0 | D:1      | ytrimaz the Ogre Berserker began the quest for the Orb.
     0 | D:1      | Reached XP level 1. HP: 24/24 MP: 1/1
     0 | D:1      | magus.rc [v1.9.6]
   197 | D:1      | Reached skill level 3 in Maces & Flails
   497 | D:1      | Reached XP level 2. HP: 31/32 MP: 2/2
  1157 | D:2      | Reached XP level 3. HP: 40/40 MP: 3/3
  1502 | D:2      | Identified the +9 falchion "Estrautso" {elec, rF+ Dex+4}
  1611 | D:2      | Reached ** piety under Trog
  1618 | D:2      | Reached XP level 4. HP: 49/49 MP: 4/4
  1622 | D:2      | Reached skill level 5 in Fighting
  1622 | D:2      | Reached skill level 4 in Maces & Flails
  1971 | D:3      | Found a broken altar of Ashenzari.
  2181 | D:3      | Found an iron altar of Okawaru.
  2300 | D:3      | Reached XP level 5. HP: 44/57 MP: 5/5
  2307 | D:3      | HP: 14/57 [something (4)]
  2568 | D:3      | Found a bloodstained altar of Trog.
  2920 | D:4      | Found a white marble altar of Elyvilon.
  2982 | D:4      | Noticed Eustachio
  2999 | D:4      | HP: 20/87 [quokka (2)]
  3001 | D:4      | HP: 8/87 [Eustachio/+0 falchion (3)]
  3001 | D:4      | HP: 2/87 [quokka (3)]
  3002 | D:4      | Slain by Eustachio

Vanquished Creatures
  An orc wizard (D:3)
  8 adders
  A gnoll (D:2)
  A worm (D:2)
  A dart slug (D:2)
  6 orcs
  6 bats
  7 endoplasms
  3 giant cockroaches
  2 goblins (D:2)
  4 hobgoblins
  4 ball pythons
  11 kobolds
  4 rats
59 creatures vanquished.

Table legend:
 A = Non-vault XP
 B = Vault XP
 C = Vault XP percentage of total XP
 D = Non-vault monster count
 E = Vault monster count
 F = Vault count percentage of total count
                 A         B        C        D         E       F
            +---------+---------+-------+---------+---------+-------
      Total |     197 |      57 |  22.4 |      47 |      12 |  20.3
            +---------+---------+-------+---------+---------+-------
        D:1 |      17 |       0 |   0.0 |      10 |       0 |   0.0
        D:2 |      88 |      53 |  37.6 |      21 |      10 |  32.3
        D:3 |      71 |       4 |   5.3 |      11 |       2 |  15.4
        D:4 |      21 |       0 |   0.0 |       5 |       0 |   0.0
            +---------+---------+-------+---------+---------+-------

Illustrated notes

Table legend:
 A = Kills in this place as a percentage of kills in entire the game.
 B = Kills by you in this place as a percentage of kills by you in the entire game.
 C = Kills by friends in this place as a percentage of kills by friends in the entire game.
 D = Other kills in this place as a percentage of other kills in the entire game.
 E = Experience gained in this place as a percentage of experience gained in the entire game.
 F = Experience gained in this place divided by the number of levels of this place that you have seen.
                   A       B       C       D       E      F
               +-------+-------+-------+-------+-------+----------------------
         Total | 100.0 | 100.0 |   N/A |   N/A | 100.0 |  63.5
       Dungeon | 100.0 | 100.0 |   N/A |   N/A | 100.0 |  63.5
               +-------+-------+-------+-------+-------+----------------------

Table legend: (Time is in decaauts)
 A = Elapsed time spent in this place.
 B = Non-inter-level travel time spent in this place.
 C = Inter-level travel time spent in this place.
 D = Time resting spent in this place.
 E = Time spent auto-exploring this place.
 F = Levels seen in this place.
 G = Mean time per level.
                   A        B        C        D        E       F      G
               +--------+--------+--------+--------+--------+-----+--------+
         Total |   3065 |   3016 |     49 |    135 |   2366 |   4 |  766.2 |
       Dungeon |   3065 |   3016 |     49 |    135 |   2366 |   4 |  766.2 |
               +--------+--------+--------+--------+--------+-----+--------+

Top non-repeatable levels by time:
     D:2: 1043 daAuts
     D:1: 965 daAuts
     D:3: 901 daAuts
     D:4: 155 daAuts
